 Dungeon Crawl Stone Soup version 0.29-a0-296-gda187f2e07 (webtiles) character file.

Game seed: 10854908211053881618

169 Crownlay the Digger (level 5, 0/28 HPs)
             Began as a Gargoyle Earth Elementalist on Mar 19, 2022.
             Slain by a gnoll
             ... wielding a +0 whip
              (3 damage)
             ... on level 4 of the Dungeon.
             The game lasted 00:04:06 (2838 turns).

Crownlay the Digger (Gargoyle Earth Elementalist)   Turns: 2838, Time: 00:04:07

Health: 0/28       AC:  8    Str: 12    XL:     5   Next: 50%
Magic:  20/20      EV: 11    Int: 17    God:
Gold:   122        SH:  0    Dex: 10    Spells: 11/12 levels left

rFire   . . .      SeeInvis .   g - +2 spear (vamp)
rCold   . . .      Faith    .   (no shield)
rNeg    + . .      Spirit   .   b - +0 robe
rPois   ∞          Reflect  .   (no helmet)
rElec   +          Harm     .   p - +0 cloak
rCorr   .          Rampage  .   s - +0 pair of gloves
Will    .....                   (no boots)
Stlth   ++........              (no amulet)
HPRegen 0.09/turn               f - ring of magical power
MPRegen 0.17/turn               (no ring)

@: no status effects
A: sickness immunity, AC +4, negative energy resistance 1, electricity
resistance, torment resistance 1, petrification resistance
a: no special abilities


You were on level 4 of the Dungeon.
You visited 1 branch of the dungeon, and saw 4 of its levels.

You collected 122 gold pieces.

Inventory:

Hand Weapons
 g - a +2 vampiric spear (weapon)
Missiles
 a - 142 stones
Armour
 b - a +0 robe (worn)
 p - a +0 cloak (worn)
 s - a +0 pair of gloves (worn)
Jewellery
 f - a ring of magical power (left hand)
Scrolls
 d - 3 scrolls of identify
 i - a scroll of enchant armour {unknown}
 j - a scroll of silence {unknown}
 l - 2 scrolls of fear
 m - a scroll of vulnerability {unknown}
 n - a scroll of teleportation {unknown}
 t - a scroll of immolation {unknown}
Potions
 c - 2 potions of magic
 e - a potion of ambrosia {unknown}
 h - 2 potions of degeneration {unknown}
 k - 4 potions of curing {unknown}
 o - 2 potions of haste {unknown}
 q - a potion of cancellation {unknown}
 r - 3 potions of brilliance {unknown}


   Skills:
 - Level 1.5 Dodging
 - Level 2.1 Stealth
 * Level 4.3 Spellcasting
 - Level 0.7 Transmutations
 + Level 5.1 Earth Magic


You had 11 spell levels left.
You knew the following spells:

 Your Spells              Type           Power      Damage    Failure   Level
a - Sandblast             Erth           42%        2d11      1%          1

Your spell library contained the following spells:

 Spells                   Type           Power      Damage    Failure   Level
 Passwall                 Tmut/Erth      10%        N/A       7%          2
 Beastly Appendage        Tmut           12%        N/A       12%         1
 Freeze                   Ice            12%        1d4       16%         1
 Stone Arrow              Conj/Erth      24%        3d8       16%         3
 Wereblood                Tmut           6%         N/A       17%         2
 Spider Form              Tmut/Pois      4%         N/A       36%         3
 Frozen Ramparts          Ice            6%         1d2       41%         3
 Petrify                  Tmut/Erth      13%        N/A       43%         4
 Hailstorm                Conj/Ice       3%         3d3       83%         4


Dungeon Overview and Level Annotations

Branches:
Dungeon (4/15)
 Temple: D:4-7

Altars:


Innate Abilities, Weirdness & Mutations

You are immune to sickness and miasma.
Your stone body is resilient. (AC +4)
You are immune to poison.
You resist negative energy. (rN+)
You are resistant to electric shocks. (rElec)
You are resistant to unholy torment.
You are immune to petrification.


Message History

A gnoll and a giant cockroach come into view.
The gnoll shouts!
You hear a shout! x2
A gnoll and an adder come into view.
A gnoll comes into view. It is wielding a +0 whip.
The adder moves out of view.
You hit the gnoll but do no damage. The gnoll closely misses you.
The gnoll hits you but does no damage.
The adder hisses angrily.
You hit the gnoll but do no damage. The gnoll hits you with a +0 whip.
The gnoll hits you from afar with a +0 spear.
You hit the gnoll.
The gnoll is moderately wounded.
The gnoll barely misses you.
The gnoll hits you from afar with a +0 spear.
You hit the gnoll.
You feel better.
The gnoll is moderately wounded.
The gnoll hits you from afar with a +0 spear.
The gnoll hits you but does no damage.
You hit the gnoll.
The gnoll is heavily wounded.
The gnoll hits you but does no damage. The gnoll hits you with a +0 whip.
You barely miss the gnoll.
The gnoll is heavily wounded.
The gnoll closely misses you. The gnoll hits you but does no damage.
You hit the gnoll.
You feel better.
The gnoll is heavily wounded.
The gnoll hits you from afar with a +0 spear.
The gnoll hits you with a +0 whip.
An endoplasm comes into view.
You barely miss the gnoll.
The gnoll is heavily wounded.
The gnoll hits you from afar with a +0 spear!
* * * LOW HITPOINT WARNING * * *
The gnoll hits you with a +0 whip.
* * * LOW HITPOINT WARNING * * *
You are too injured to fight recklessly!
You are too injured to fight recklessly!
You are too injured to fight recklessly!
The gnoll attacks as you move away! The gnoll hits you with a +0 whip.
You die...

#######......#.###'###
.............#.# #.#
####..)..#...#.# #.#
...#.....#.###.# #.#
<....###.#.....###.#
.#...# #.#.....#...#
.#...# #.##.##.#.###
.#.....#....##.#.#
.#...#.#######.#@#####.#.#
###..#.# #.#.g.gB.S...
#..# . #.#######.#J# #...
.. #.# #.# #.#


You could see 2 gnolls, an adder and a giant cockroach.

Vanquished Creatures
  An orc priest (D:3)
  Jessica (D:2)
  An orc wizard (D:3)
  3 adders
  2 worms
  A dart slug (D:1)
  3 orcs (D:3)
  7 endoplasms
  4 giant cockroaches
  6 goblins
  5 hobgoblins
  5 kobolds
  4 ball pythons
  2 bats (D:1)
  3 frilled lizards
  4 rats
52 creatures vanquished.

Vanquished Creatures (others)
  3 withered plants (D:3)
3 creatures vanquished.

Grand Total: 55 creatures vanquished

Notes
Turn   | Place    | Note
-------+----------+-------------------------------------------
     0 | D:1      | Crownlay the Gargoyle Earth Elementalist began the quest
                  | for the Orb.
     0 | D:1      | Reached XP level 1. HP: 10/10 MP: 3/3
   344 | D:1      | Reached XP level 2. HP: 15/15 MP: 5/5
   642 | D:1      | Reached skill level 4 in Earth Magic
  1228 | D:2      | Reached XP level 3. HP: 19/19 MP: 7/7
  1461 | D:2      | Noticed Jessica
  1485 | D:2      | Killed Jessica
  1486 | D:2      | Reached XP level 4. HP: 19/24 MP: 9/9
  1606 | D:2      | Identified the +1 ring mail "Vyalek" {MP+9}
  2027 | D:3      | Found a faded altar of an unknown god.
  2301 | D:3      | Reached XP level 5. HP: 10/28 MP: 11/11
  2303 | D:3      | Reached skill level 5 in Earth Magic
  2838 | D:4      | Slain by a gnoll

Illustrated notes

Levels and vault maps discovered:
D:1:      saegor_arrival_simple_c, layout_loops_ring
D:2:      layout_rooms, minmay_close_crescents, uniq_jessica
D:3:      layout_loops_ring, ebering_ecumenical_altar_petrified,
          grunt_ministairs_7
D:4:      layout_basic, uniq_robin, uniq_menkaure

Skill      XL: |  1  2  3  4  5 |
---------------+----------------+-----
Earth Magic    | 4 5 |  5.1
Spellcasting   | 3 4 |  4.3
Dodging        | |  1.5
Stealth        | |  2.1
Transmutations | |  0.7

Action                   |  1- 3 |  4- 6 || total
-------------------------+-------+-------++-------
Melee: Spear             |    57 |    79 ||   136
 Cast: Sandblast         |    11 |     8 ||    19
  Use: Scroll            |       |     1 ||     1
 Stab: Sleeping          |     5 |       ||     5
Armor: Robe              |    23 |    23 ||    46
Dodge: Dodged            |    25 |    26 ||    51

Table legend: (Time is in decaauts)
 A = Elapsed time spent in this place.
 B = Non-inter-level travel time spent in this place.
 C = Inter-level travel time spent in this place.
 D = Time resting spent in this place.
 E = Time spent auto-exploring this place.
 F = Levels seen in this place.
 G = Mean time per level.
                   A        B        C        D        E       F      G
               +--------+--------+--------+--------+--------+-----+--------+
         Total |   2855 |   2734 |    121 |      0 |   2318 |   4 |  713.8 |
       Dungeon |   2855 |   2734 |    121 |      0 |   2318 |   4 |  713.8 |
               +--------+--------+--------+--------+--------+-----+--------+

Top non-repeatable levels by time:
     D:1: 1011 daAuts
     D:3: 1009 daAuts
     D:2: 778 daAuts
     D:4: 56 daAuts
